 Dungeon Crawl Stone Soup version 0.25-a0-834-g55863b0b92 (webtiles) character file.

Game seed: 16003571910647423398, levelgen mode: deterministic

101124 Maedhros the Martial Artist (level 16, -9/116 HPs)
             Began as an Octopode Artificer on Apr 22, 2020.
             Was an Elder of Cheibriados.
             Collided with a rock wall (26 damage)
             ... caused by a nagaraja
             ... on level 2 of the Snake Pit.
             The game lasted 01:34:49 (14583 turns).

Maedhros the Martial Artist (Octopode Artificer)   Turns: 14583, Time: 01:34:50

Health: -9/116     AC:  4    Str: 32    XL:     16   Next: 29%
Magic:  28/32      EV: 28    Int: 30    God:    Cheibriados [****..]
Gold:   390        SH: 14    Dex: 26    Spells: 6/24 levels left

rFire    . . .     SeeInvis .     - Unarmed
rCold    + + .     Gourm    .   J - +0 kite shield
rNeg     . . .     Faith    .   Y - +1 hat {Int+3}
rPois    .         Spirit   .   (no amulet)
rElec    .         Reflect  .   (no ring)
rCorr    .         Harm     .   r - +5 ring of strength
MR       +....                  V - +3 ring of evasion
Stlth    ++++++....             X - ring of magical power
HPRegen  0.29/turn              j - ring of protection from cold
MPRegen  0.23/turn              L - +5 ring of strength
                                d - +4 ring of intelligence
                                b - ring of protection from cold

@: lethally poisoned (-9 -> -9), about to teleport, very slow
A: almost no armour, stealthy swim, amphibious, 8 rings, constrict 8, tentacle
spike 2, yellow scales 1, camouflage 1, gelatinous body 1
a: Bend Time, Temporal Distortion, Slouch, Renounce Religion


You were on level 2 of the Snake Pit.
You worshipped Cheibriados.
Cheibriados was greatly pleased with you.
You were not hungry.

You visited 7 branches of the dungeon, and saw 28 of its levels.
You also visited: Sewer and Ice Cave.

You collected 2076 gold pieces.
You spent 1686 gold pieces at shops.

Inventory:

Missiles
 l - 15 javelins
 w - 65 poisoned darts (quivered)
 D - 24 boomerangs
 T - 4 curare-tipped darts
Armour
 J - a +0 kite shield (worn)
 Y - a +1 hat of intelligence (worn)
Magical Staves
 A - an uncursed staff of wizardry
Jewellery
 b - a ring of protection from cold (on tentacle)
 d - a +4 ring of intelligence (on tentacle)
 j - a ring of protection from cold (on tentacle)
 m - an uncursed ring of positive energy
 r - a +5 ring of strength (right tentacle)
 y - an uncursed ring of resist corrosion
 L - a +5 ring of strength (on tentacle)
 P - an uncursed ring of fire
 V - a +3 ring of evasion (on tentacle)
 X - a ring of magical power (on tentacle)
Wands
 c - a wand of enslavement (7)
 h - a wand of paralysis (2)
 p - a wand of disintegration (5)
 t - a wand of digging (4)
 K - a wand of clouds (5)
 U - a wand of iceblast (10)
Scrolls
 a - 3 scrolls of remove curse
 e - 9 scrolls of teleportation
 i - 6 scrolls of amnesia
 k - 9 scrolls of magic mapping
 n - 7 scrolls of fear
 v - 2 scrolls of blinking
 C - 6 scrolls of fog
 Q - a scroll of enchant armour
 R - a scroll of silence
 S - 3 scrolls of enchant weapon
Potions
 g - 7 potions of flight
 o - 3 potions of might
 q - 5 potions of curing
 s - a potion of resistance
 u - 5 potions of lignification
 x - 3 potions of cancellation
 z - 3 potions of heal wounds
 E - a potion of mutation
 G - a potion of magic
 H - 4 potions of invisibility
 I - 4 potions of stabbing
 Z - 2 potions of brilliance
Miscellaneous
 F - a box of beasts
 W - a phantom mirror
Comestibles
 f - 28 rations


   Skills:
 - Level 12.6 Fighting
   Level 1.0 Short Blades
 - Level 12.7 Dodging
 - Level 11.0 Stealth
 * Level 9.2 Shields
 - Level 13.2 Unarmed Combat
 + Level 4.9 Spellcasting
 - Level 5.0 Hexes
 + Level 5.5 Transmutations
 - Level 8.0 Invocations
 - Level 9.2 Evocations


You had 6 spell levels left.
You knew the following spells:

 Your Spells              Type           Power        Failure   Level  Hunger
a - Tukima's Dance        Hex            #####...     4%          3    #......
b - Yara's Violent Unrav  Hex/Tmut       #####.....   36%         5    #####..
c - Eringya's Noxious Bo  Tmut/Pois      ###.......   99%         6    ######.
d - Animate Dead          Necr           N/A          77%         4    ###....

Your spell library contained the following spells:

 Spells                   Type           Power        Failure   Level  Hunger
 Corona                   Hex            #####..      1%          1    None
 Confusing Touch          Hex            #####...     4%          3    #......
 Ensorcelled Hibernation  Hex/Ice        ###...       7%          2    None
 Dazzling Flash           Conj/Hex       ###...       13%         3    #......
 Cause Fear               Hex            #####.....   16%         4    ###....
 Blade Hands              Tmut           #####.....   34%         5    #####..
 Mephitic Cloud           Conj/Pois/Air  #.......     36%         3    #......
 Recall                   Summ/Tloc      N/A          36%         3    #......
 Silence                  Hex/Air        ###.......   77%         5    #####..
 Borgnjor's Vile Clutch   Necr/Erth      #.........   98%         5    #####..
 Death Channel            Necr           #.........   100%        6    ######.
 Simulacrum               Ice/Necr       #.........   100%        6    ######.
 Discord                  Hex            #####.....   100%        8    #######


Dungeon Overview and Level Annotations

Branches:
Dungeon (15/15)            Temple (1/1) D:4            Lair (6/6) D:10
  Swamp (0/4) Lair:4        Snake (2/4) Lair:4        Slime (0/5) Lair:5
    Orc (2/2) D:12            Elf (1/3) Orc:2        Depths (1/5) D:15
  Sewer (visited)           IceCv (visited)
 Vaults: D:13-14

Altars:
Cheibriados
Dithmenos
Elyvilon
Fedhas
Gozag
Hepliaklqana
Makhleb
Nemelex Xobeh
Okawaru
Qazlal
Trog
Uskayaw
Vehumet
Wu Jian
Xom
Yredelemnul
Zin
The Shining One

Shops:
D:5 ?!   D:12 (?   Orc:2 ?!*}   Depths:1 =

Portals:
Pandemonium: Depths:1

Annotations:
Lair:2 exclusion: 4 oklob plants
Lair:3 2 runed translucent doors, monokles's ghost, journeyman MfIE
Snake:1 Agnes


Innate Abilities, Weirdness & Mutations

You cannot wear most types of armour.
You are very stealthy in the water. (Stealth+)
You are amphibious.
You can wear up to eight rings at the same time.
You can use your tentacles to constrict eight enemies at once.
Your skin changes colour to match your surroundings (Stealth+).
Your rubbery body absorbs attacks. (AC +1, EV +1)
One of your tentacles bears a nasty spike.
You are partially covered in yellow scales. (AC +2)


Message History

Aim: a nagaraja, wielding a +0 spear and wearing a +0 robe (heavily wounded)
The mass of ice explodes!
The iceblast engulfs the nagaraja!
The nagaraja is severely wounded.
You feel sick. The nagaraja spits poison at you.
The splash of poison misses you.
Unknown command.
Unknown command.
Evoke which item? (* to show all) (? for menu, Esc to quit)
Aiming: Iceblast
Press: ? - help, Shift-Dir - straight line, f/p - nagaraja
Aim: a nagaraja, wielding a +0 spear and wearing a +0 robe (heavily wounded, catching its breath)
The mass of ice explodes!
The iceblast engulfs the nagaraja!
The nagaraja is severely wounded.
The nagaraja points at you and mumbles some strange words.
The lance of force hits you!!!
* * * LOW HITPOINT WARNING * * *
You are knocked back by the lance of force.
You slam into the rock wall!
You die...

....#######....
...............
........>......
....)..........
...N)......
#...!.# #####
##.....#
....#######....).#
................@#
.(.........#######
.(........##
...########
....#######
..........#
..........#
.(........#
.)........#


You could see a nagaraja.

Vanquished Creatures
  A juggernaut (Depths:1)
  Gastronok (Lair:2)
  Kirke (Lair:6)
  A frost giant (IceCv)
  Aizul (Snake:1)
  An orc warlord (Orc:2)
  2 dire elephants
  An ogre mage (Orc:1)
  Harold (Lair:2)
  An ice dragon (Depths:1)
  5 hydras
  A merfolk avatar (Lair:6)
  Erica (Orc:1)
  2 centaur warriors
  5 death yaks
  7 two-headed ogres
  5 orc high priests (Orc:2)
  A naga sharpshooter (Snake:2)
  Urug (Lair:5)
  Sonja (D:13)
  2 tengu warriors
  A glowing orange brain (Depths:1)
  6 deep elf magi
  An orc knight (D:12)
  A wizard (D:15)
  3 ugly things
  4 orc sorcerers
  3 cyclopes
  2 salamanders
  4 manticores
  Maurice (D:8)
  6 black mambas
  12 elephants
  A naga mage (Snake:2)
  A torpor snail (Lair:6)
  An ice statue (IceCv)
  A gargoyle (D:14)
  A centaur skeleton (D:9)
  11 spiny frogs
  4 rime drakes
  12 komodo dragons
  A tengu conjurer (D:14)
  2 trolls
  A queen bee (shapeshifter) (D:14)
  A queen bee (Lair:2)
  15 polar bears
  4 hippogriffs
  A blink frog (Lair:2)
  4 slime creatures
  A spriggan (shapeshifter) (D:14)
  A centaur simulacrum (D:15)
  A wraith (D:13)
  6 wyverns
  78 yaks
  2 vampires
  3 shadows
  A water elemental (D:12)
  4 basilisks
  Eustachio (D:6)
  5 hogs (Lair:6)
  2 steam dragons
  7 vampire mosquitoes
  A warg (Orc:1)
  2 nagas
  A soldier ant (D:10)
  14 water moccasins
  Purgy (D:4)
  3 porcupines
  32 orc warriors
  7 sky beasts
  A phantom (D:12)
  4 ice beasts
  31 wolves
  10 ogres
  10 centaurs
  14 crocodiles
  4 big kobolds
  17 bullfrogs
  A gnoll sergeant (D:13)
  A wyvern zombie (D:14)
  An earth elemental (Elf:1)
  A wyvern skeleton (D:11)
  6 scorpions
  35 killer bees
  A water moccasin skeleton (D:9)
  3 wights (D:13)
  12 electric eels
  11 crimson imps
  12 howler monkeys
  2 bullfrog zombies
  33 orc priests
  4 hounds
  5 jellies
  A bullfrog skeleton (D:13)
  2 iguanas
  15 worker ants
  Natasha (thrice) (D:2)
  28 orc wizards
  A killer bee zombie (D:8)
  A hound skeleton (D:7)
  Robin (D:3)
  A worker ant zombie (D:6)
  4 gnolls (D:13)
  12 adders
  A river rat (D:5)
  A shadow imp (D:12)
  An adder skeleton (D:4)
  2 worms
  A dart slug (D:1)
  2 leopard geckos
  72 orcs
  3 bats (D:1)
  5 giant cockroaches
  10 goblins
  5 hobgoblins
  10 jackals
  22 kobolds
  2 quokkas (D:7)
  3 ball pythons
  8 frilled lizards
  12 rats
  A fungus (Lair:4)
769 creatures vanquished.

Vanquished Creatures (collateral kills)
  A rime drake (IceCv)
  2 polar bears
  A hippogriff (Lair:6)
  A water moccasin (Lair:6)
  An orc priest (Orc:1)
  A gnoll (D:13)
  A bat (D:1)
  A kobold (D:1)
9 creatures vanquished.

Vanquished Creatures (others)
  A polar bear (IceCv)
  3 dancing weapons
  3 yaks (IceCv)
  2 humans (Lair:6)
  A worker ant (D:4)
  10 fungi
  13 plants
33 creatures vanquished.

Grand Total: 811 creatures vanquished

Notes
Turn   | Place    | Note
-------+----------+-------------------------------------------
     0 | D:1      | Maedhros the Octopode Artificer began the quest for the
                  | Orb.
     0 | D:1      | Reached XP level 1. HP: 13/13 MP: 3/3
   236 | D:2      | Reached skill level 1 in Unarmed Combat
   236 | D:2      | Reached XP level 2. HP: 10/18 MP: 4/4
   514 | D:2      | Reached XP level 3. HP: 15/23 MP: 5/5
   759 | D:2      | Noticed a bullfrog
  1027 | D:3      | Identified the +2 helmet of the Onion {*Contam Str+3 Int+2}
  1027 | D:3      | Noticed Robin
  1032 | D:3      | Reached skill level 2 in Unarmed Combat
  1105 | D:4      | Found a staircase to the Ecumenical Temple.
  1112 | Temple   | Entered the Ecumenical Temple
  1153 | Temple   | Became a worshipper of Cheibriados the Contemplative
  1207 | D:3      | Killed Robin
  1207 | D:3      | Reached XP level 4. HP: 19/28 MP: 6/6
  1473 | D:1      | Reached * piety under Cheibriados
  2029 | D:2      | Noticed Natasha
  2039 | D:2      | Killed Natasha
  2039 | D:2      | Reached skill level 3 in Unarmed Combat
  2039 | D:2      | Reached XP level 5. HP: 18/33 MP: 8/8
  2222 | D:2      | Noticed Natasha
  2230 | D:2      | Killed Natasha
  2234 | D:2      | Noticed Natasha
  2239 | D:2      | Killed Natasha
  2638 | D:3      | Reached XP level 6. HP: 17/38 MP: 9/9
  3080 | D:4      | Reached skill level 4 in Unarmed Combat
  3169 | D:4      | Reached ** piety under Cheibriados
  3180 | D:4      | Noticed Purgy
  3192 | D:4      | Killed Purgy
  3192 | D:4      | Reached skill level 5 in Stealth
  3192 | D:4      | Reached skill level 5 in Evocations
  3192 | D:4      | Reached XP level 7. HP: 3/43 MP: 10/10
  3330 | D:4      | Reached skill level 5 in Unarmed Combat
  3765 | D:4      | Gained mutation: You are partially covered in yellow
                  | scales. (AC +2) [potion of mutation]
  3765 | D:4      | Gained mutation: One of your tentacles bears a spike.
                  | [potion of mutation]
  3765 | D:4      | Gained mutation: One of your tentacles bears a nasty spike.
                  | [potion of mutation]
  4085 | D:5      | Entered Level 5 of the Dungeon
  4088 | D:5      | Found Suompog's Distillery.
  4101 | D:5      | Bought a potion of heal wounds for 60 gold pieces
  4101 | D:5      | Bought a potion of lignification for 36 gold pieces
  4186 | D:5      | Reached skill level 6 in Unarmed Combat
  4186 | D:5      | Reached XP level 8. HP: 48/48 MP: 12/12
  4202 | D:5      | Found a blossoming altar of Fedhas.
  4328 | D:5      | Found Gaylupri's Magic Scroll Boutique.
  4375 | D:5      | Bought a scroll of fog for 22 gold pieces
  4375 | D:5      | Bought a scroll of teleportation for 33 gold pieces
  4375 | D:5      | Bought a scroll of fear for 38 gold pieces
  4375 | D:5      | Bought a scroll of teleportation for 33 gold pieces
  4528 | D:5      | Found a glowing drain.
  4532 | Sewer    | Entered a sewer
  4664 | D:5      | Reached *** piety under Cheibriados
  4726 | D:6      | Noticed Eustachio
  4738 | D:6      | Killed Eustachio
  4839 | D:6      | Found a glowing golden altar of the Shining One.
  4958 | D:6      | Reached skill level 7 in Unarmed Combat
  5167 | D:7      | Reached XP level 9. HP: 51/55 MP: 13/13
  5234 | D:8      | Reached **** piety under Cheibriados
  5342 | D:9      | Reached skill level 1 in Invocations
  5443 | D:9      | Noticed a cyan ugly thing
  5448 | D:9      | Killed a cyan ugly thing
  5448 | D:9      | Reached skill level 8 in Unarmed Combat
  5559 | D:9      | Noticed a two-headed ogre
  5567 | D:9      | Killed a two-headed ogre
  5567 | D:9      | Reached XP level 10. HP: 37/63 MP: 15/15
  5757 | D:8      | Reached ***** piety under Cheibriados
  5972 | D:7      | Reached skill level 9 in Unarmed Combat
  6095 | D:8      | Noticed Maurice
  6103 | D:8      | Paralysed by Maurice for 5 turns
  6115 | D:8      | Killed Maurice
  6115 | D:8      | Reached skill level 5 in Dodging
  6115 | D:8      | Reached skill level 5 in Invocations
  6190 | D:10     | Entered Level 10 of the Dungeon
  6328 | D:10     | Noticed a two-headed ogre
  6338 | D:10     | Killed a two-headed ogre
  6419 | D:10     | Reached skill level 5 in Fighting
  6430 | D:10     | Found a staircase to the Lair.
  6554 | D:11     | Reached XP level 11. HP: 64/71 MP: 17/17
  6630 | D:11     | Noticed a cyclops
  6644 | D:11     | Killed a cyclops
  6757 | D:11     | Found an opulent altar of Gozag.
  6766 | D:11     | Reached skill level 10 in Stealth
  6766 | D:11     | Reached skill level 10 in Unarmed Combat
  6902 | D:12     | Learned a level 3 spell: Tukima's Dance
  6928 | D:12     | Found a shimmering altar of Xom.
  6936 | D:12     | Found a staircase to the Orcish Mines.
  6937 | D:12     | Found Harhos's Weapon Shoppe.
  6944 | D:12     | Noticed an orc knight
  6956 | D:12     | Killed an orc knight
  7097 | D:12     | Found Utsic's Magic Scroll Boutique.
  7114 | D:12     | Bought a scroll of blinking for 120 gold pieces
  7129 | D:12     | Found a frozen archway.
  7138 | IceCv    | Entered an ice cave
  7215 | IceCv    | Reached ****** piety under Cheibriados
  7277 | IceCv    | Reached skill level 1 in Hexes
  7301 | IceCv    | Reached skill level 1 in Shields
  7320 | IceCv    | Reached XP level 12. HP: 79/79 MP: 18/18
  7356 | IceCv    | Noticed a death yak
  7363 | IceCv    | Killed a death yak
  7597 | IceCv    | Noticed a death yak
  7604 | IceCv    | Killed a death yak
  7695 | IceCv    | Noticed a frost giant
  7757 | IceCv    | Killed a frost giant
  7764 | IceCv    | Found the +6 arbalest "Damnation" {damnation}
  7893 | D:13     | Noticed a centaur warrior
  7898 | D:13     | Killed a centaur warrior
  8111 | D:13     | Reached skill level 5 in Hexes
  8160 | D:13     | Noticed Sonja
  8163 | D:13     | Noticed a tengu warrior
  8168 | D:13     | Killed Sonja
  8168 | D:13     | Reached skill level 5 in Shields
  8168 | D:13     | Reached XP level 13. HP: 51/88 MP: 19/19
  8436 | D:14     | Found a stormy altar of Qazlal.
  8559 | D:14     | You fall into a shaft and drop 1 floor!
  8559 | D:15     | Entered Level 15 of the Dungeon
  8787 | Orc:1    | Entered Level 1 of the Orcish Mines
  8814 | Orc:1    | Noticed an ogre mage
  8832 | Orc:1    | Killed an ogre mage
  8906 | Orc:2    | Entered Level 2 of the Orcish Mines
  8906 | Orc:2    | Found a staircase to the Elven Halls.
  8912 | Orc:2    | Noticed an orc warlord
  8921 | Orc:2    | Killed an orc warlord
  9030 | Orc:1    | Reached skill level 10 in Dodging
  9034 | Orc:1    | Reached skill level 10 in Fighting
  9324 | Lair:1   | Entered Level 1 of the Lair of Beasts
  9687 | Lair:2   | Noticed Harold
  9701 | Lair:2   | Killed Harold
  9731 | Lair:2   | Reached XP level 14. HP: 99/99 MP: 20/20
  9995 | Lair:2   | Noticed Gastronok
 10005 | Lair:2   | Killed Gastronok
 10358 | Lair:3   | Found a large runed translucent door.
 10358 | Lair:3   | Found a large runed translucent door.
 10360 | Lair:3   | Noticed monokles's ghost (journeyman MfIE)
 10646 | Lair:3   | Reached skill level 11 in Unarmed Combat
 10903 | Lair:4   | Found a staircase to the Snake Pit.
 11164 | Lair:5   | Noticed Urug
 11170 | Lair:5   | Killed Urug
 11298 | Lair:5   | Found a staircase to the Slime Pits.
 11430 | Lair:6   | Entered Level 6 of the Lair of Beasts
 11433 | Lair:6   | Noticed Kirke
 11438 | Lair:6   | Reached skill level 12 in Unarmed Combat
 11441 | Lair:6   | Killed Kirke
 11441 | Lair:6   | Reached XP level 15. HP: 68/108 MP: 20/21
 11530 | Lair:6   | Learned a level 5 spell: Yara's Violent Unravelling
 11589 | Lair:6   | Reached skill level 1 in Transmutations
 11634 | Lair:6   | Identified the Catalogue of Vitriolic Moulding
 11852 | Lair:6   | Reached skill level 1 in Spellcasting
 11887 | Lair:6   | Learned a level 6 spell: Eringya's Noxious Bog
 12210 | Lair:4   | Found a staircase to the Swamp.
 12603 | Orc:2    | Reached skill level 13 in Unarmed Combat
 12622 | Orc:2    | Found Bumononn's Assorted Antiques.
 12622 | Orc:2    | Found Wiola's Gadget Shop.
 12622 | Orc:2    | Found Wece's Distillery.
 12631 | Orc:2    | Found Egoamiop's Magic Scroll Boutique.
 12645 | Orc:2    | Bought a scroll of fear for 45 gold pieces
 12645 | Orc:2    | Bought a scroll of teleportation for 39 gold pieces
 12645 | Orc:2    | Bought a scroll of fear for 45 gold pieces
 12645 | Orc:2    | Bought a scroll of teleportation for 39 gold pieces
 12646 | Orc:2    | Bought a potion of curing for 45 gold pieces
 12646 | Orc:2    | Bought a potion of heal wounds for 75 gold pieces
 12646 | Orc:2    | Bought a potion of heal wounds for 75 gold pieces
 12646 | Orc:2    | Bought a potion of might for 60 gold pieces
 12648 | Orc:2    | Bought a scroll of magic mapping for 133 gold pieces
 12648 | Orc:2    | Bought a potion of heal wounds for 190 gold pieces
 12649 | Orc:2    | Bought a wand of clouds (6) for 390 gold pieces
 12649 | Orc:2    | Bought a wand of iceblast (12) for 208 gold pieces
 12714 | Orc:1    | Noticed Erica
 12719 | Orc:1    | Killed Erica
 12763 | Elf:1    | Entered Level 1 of the Elven Halls
 12918 | D:12     | Learned a level 4 spell: Animate Dead
 13219 | D:14     | Found a white marble altar of Elyvilon.
 13612 | D:15     | Found a staircase to the Depths.
 13688 | D:15     | Reached XP level 16. HP: 61/116 MP: 22/22
 13774 | Depths:1 | Entered Level 1 of the Depths
 13814 | Depths:1 | Found Egub's Jewellery Boutique.
 13856 | Depths:1 | Noticed a juggernaut
 13864 | Depths:1 | Killed a juggernaut
 13864 | Depths:1 | Reached skill level 5 in Transmutations
 13938 | Depths:1 | Found a one-way gate leading to the halls of Pandemonium.
 14215 | Snake:1  | Entered Level 1 of the Snake Pit
 14261 | Snake:1  | Noticed Aizul
 14296 | Snake:1  | Killed Aizul
 14449 | Snake:1  | Noticed Agnes
 14570 | Snake:2  | Noticed a nagaraja
 14583 | Snake:2  | Collided with a rock wall

Levels and vault maps discovered:
D:1:      eino_arrival_water_cross, layout_rooms, minmay_pentomino_t4
D:2:      layout_loops_cross, serial_forest, infiniplex_forest_clump_curved,
          infiniplex_forest_lined_3_way, infiniplex_forest_lined_3,
          infiniplex_forest_clump_large, infiniplex_forest_lined_room_2,
          infiniplex_forest_lined_room_, uniq_natasha
D:3:      cheibrodos_old_hovel, layout_basic, first_ration,
          uniq_crazy_yiuf_cottage, uniq_terence, uniq_jessica, uniq_robin
D:4:      layout_layer_cave, temple_green, uniq_purgy
D:5:      layout_rooms, fedhas_altar_fruit_tree, serial_shops,
          nicolae_shop_trees, shop, portal_sewer_entry_e, lemuel_flamethrower_2
D:6:      layout_basic, tso_oasis_becter, corexii_leaking_fountain, st_stairs_7,
          uniq_eustachio
D:7:      layout_rooms
D:8:      layout_layer_cave, serial_glass, glass_columns_c, glass_columns_a,
          glass_columns_b, glass_columns_a, due_unseen_surprise, uniq_maurice
D:9:      layout_loops_ring
D:10:     layout_basic, lair_entry_dummy, serial_rivers,
          chequers_serial_rivers_micro_e, chequers_serial_rivers_small_3,
          chequers_serial_rivers_small_3, chequers_serial_rivers_micro_b
D:11:     layout_basic, hangedman_fish_farm, nicolae_gozag_seed_capital
D:12:     layout_basic, orc_david_3, serial_shops, nicolae_shop_waterfront,
          basic_altar, portal_ice_cave_entry_pillars_1,
          nicolae_tso_swordbearing_angel
D:13:     layout_stronghold, serial_shops, kennysheep_little_box,
          disabler_island, uniq_sonja
D:14:     minmay_box_of_statues, layout_long_grid,
          lightli_vaults_fourway_checkpoint, lemuel_tele_altar,
          nicolae_qazlal_eye_of_the_storm
D:15:     hangedman_depths_entry_try_elsewhere_first, layout_long_grid
Temple:   regret_index_temple_chain_breaker
Lair:1:   layout_small_grid, chequers_serial_rivers_room_b, st_stairs_13,
          infiniplex_staircase_pool_2, grunt_megastairs_3
Lair:2:   hangedman_what_comes_after_a, layout_layer_cave,
          chequers_serial_rivers_room_a, uniq_gastronok, uniq_harold
Lair:3:   layout_gridlike, ebering_ghost_disaster_area, lemuel_fruit_fields,
          grunt_megastairs_1
Lair:4:   layout_loops_ring, swamp_mist, dummy_snake_entry, lemuel_fruit_tree,
          serial_bayou_shore_a
Lair:5:   layout_regular_city, slime_dummy, fungi_pond_lemuel,
          grunt_megastairs_2, uniq_urug
Lair:6:   gammafunk_lair_ancient_temple, layout_cave_pods, uniq_kirke
Snake:1:  layout_chambers, uniq_donald, uniq_agnes, uniq_aizul
Snake:2:  layout_grid_maze
Orc:1:    layout_caves, uniq_erica
Orc:2:    st_orc_mages, layout_caves
Elf:1:    eino_elf_arrival_the_gate, layout_gridlike, minivault_28,
          ebering_dispersal_statue_hall, evilmike_ambush
          [evilmike_ambush_outer_basic, evilmike_ambush_inner_wall_2]
Depths:1: layout_basic, rand_demon_pan_entry_3, serial_shops, shop,
          nicolae_shop_waterfront, kennysheep_mini,
          nicolae_shop_competitors_out_of_business,
          pf_vacation_house_of_asmodeus, nrook_mini_vaults, fountainhead,
          minmay_hidden_floor

Skill      XL: |  1  2  3  4  5  6  7  8  9 10 11 12 13 14 15 16 |
---------------+-------------------------------------------------+-----
Stealth        | 2 3 4 5 6 7 8 9 10 11 | 11.0
Unarmed Combat | 1 2 3 4 6 7 8 9 10 12 13 | 13.2
Evocations     | 4 5 6 7 8 9 |  9.2
Fighting       | 2 4 5 6 8 10 12 | 12.6
Dodging        | 3 4 5 6 8 10 12 | 12.7
Invocations    | 4 6 8 |  8.0
Hexes          | 1 5 |  5.0
Shields        | 1 5 6 8 9 |  9.2
Transmutations | 4 5 |  5.5
Spellcasting   | 3 4 |  4.9
Short Blades   | |  1.0

Action                   |  1- 3 |  4- 6 |  7- 9 | 10-12 | 13-15 | 16-18 || total
-------------------------+-------+-------+-------+-------+-------+-------++-------
Melee: Short sword       |    51 |    89 |    30 |       |       |       ||   170
       Constrict         |    13 |    23 |    44 |    75 |   114 |     4 ||   273
       Tentacles         |     6 |    16 |    48 |   143 |   277 |    12 ||   502
       Punch             |     1 |     1 |    13 |    54 |   107 |     6 ||   182
       Kick              |       |       |    77 |   234 |   466 |    24 ||   801
       Unarmed           |       |       |   128 |   345 |   690 |    42 ||  1205
       Staff             |       |       |       |    11 |       |       ||    11
Throw: Javelin           |       |       |     1 |       |       |       ||     1
       Dart              |       |       |       |    10 |     1 |       ||    11
 Cast: Tukima's Dance    |       |       |       |       |    11 |     3 ||    14
       Animate Dead      |       |       |       |       |       |     1 ||     1
Invok: Slouch            |       |       |       |     5 |    25 |     3 ||    33
       Temporal Distorti |       |       |       |     4 |     1 |       ||     5
       Step From Time    |       |       |       |       |     1 |       ||     1
Evoke: Wand              |     1 |    11 |    14 |    27 |    46 |     5 ||   104
       Box of beasts     |       |       |       |       |     1 |       ||     1
  Use: Potion            |       |       |     3 |     4 |     8 |     5 ||    20
       Scroll            |       |       |     9 |     2 |    15 |       ||    26
 Stab: Sleeping          |     2 |     6 |    18 |    15 |    21 |     5 ||    67
       Betrayed ally     |       |       |     1 |       |       |       ||     1
       Paralysed         |       |       |     5 |     1 |     4 |       ||    10
       Distracted        |       |       |       |     1 |     7 |       ||     8
  Eat: Chunk             |       |     4 |     4 |     7 |    10 |       ||    25
       Ration            |       |       |       |       |     2 |     2 ||     4
Armor: Skin              |     1 |     6 |    13 |    31 |    25 |       ||    76
Dodge: Dodged            |    36 |    73 |    96 |   246 |   470 |    32 ||   953
Block: Buckler           |       |       |       |    78 |   142 |       ||   220
       Kite shield       |       |       |       |       |   143 |    10 ||   153

Table legend:
 A = Non-vault XP
 B = Vault XP
 C = Vault XP percentage of total XP
 D = Non-vault monster count
 E = Vault monster count
 F = Vault count percentage of total count
                 A         B        C        D         E       F
            +---------+---------+-------+---------+---------+-------
      Total |   79232 |   65232 |  45.2 |     524 |     253 |  32.6
            +---------+---------+-------+---------+---------+-------
        D:1 |      39 |       5 |  11.4 |      23 |       3 |  11.5
        D:2 |     115 |      35 |  23.3 |      12 |       1 |   7.7
        D:3 |     113 |      39 |  25.7 |       9 |       8 |  47.1
        D:4 |     537 |     138 |  20.4 |      19 |       1 |   5.0
        D:5 |     330 |      24 |   6.8 |       7 |       8 |  53.3
        D:6 |     427 |     229 |  34.9 |       9 |       2 |  18.2
        D:7 |     648 |       0 |   0.0 |      15 |       0 |   0.0
        D:8 |     878 |     493 |  36.0 |      37 |       1 |   2.6
        D:9 |    2807 |       0 |   0.0 |      23 |       0 |   0.0
       D:10 |    1961 |       0 |   0.0 |      12 |       0 |   0.0
       D:11 |    3575 |       0 |   0.0 |      46 |       0 |   0.0
       D:12 |    3786 |     733 |  16.2 |      30 |       6 |  16.7
       D:13 |    6516 |    1134 |  14.8 |      46 |       4 |   8.0
       D:14 |    2098 |    5280 |  71.6 |       8 |      20 |  71.4
       D:15 |    3919 |    2218 |  36.1 |      13 |       2 |  13.3
     Lair:1 |     877 |    1908 |  68.5 |       5 |       7 |  58.3
     Lair:2 |    2508 |    9714 |  79.5 |      11 |      53 |  82.8
     Lair:3 |    5546 |     151 |   2.7 |      22 |       1 |   4.3
     Lair:4 |    8315 |       0 |   0.0 |      20 |       0 |   0.0
     Lair:5 |    2897 |    1860 |  39.1 |       6 |       5 |  45.5
     Lair:6 |   11441 |   10442 |  47.7 |      51 |      25 |  32.9
    Snake:1 |    1095 |    1706 |  60.9 |       3 |       1 |  25.0
    Snake:2 |    1958 |       0 |   0.0 |       4 |       0 |   0.0
      Orc:1 |    8415 |     923 |   9.9 |      53 |       1 |   1.9
      Orc:2 |    5164 |    5749 |  52.7 |      35 |      40 |  53.3
      Elf:1 |     655 |    2168 |  76.8 |       2 |       4 |  66.7
   Depths:1 |    2612 |    7312 |  73.7 |       3 |       1 |  25.0
      Sewer |       0 |     125 | 100.0 |       0 |       7 | 100.0
      IceCv |       0 |   12846 | 100.0 |       0 |      52 | 100.0
            +---------+---------+-------+---------+---------+-------
